Map: Ephemeron LE

Players

Seismic

  • Race: Zerg Zerg
  • League: Gold
  • Spawn Location: 11:00

A.I. 1 (Very Easy) - Winner!

  • Race: Protoss Protoss
  • Spawn Location: 5:00

VOD

Have the link to the VOD?

Description

Time

  • Played on: Dec. 31, 2019, 3:47 p.m.
  • Length: 4:17
Show
View Real Time Build Order
Export as new Build Order

Seismic Zerg 

Build Orders: Hatch First 

Get SALT Encoding   

  12  0:01  Drone  
  13  0:12  Overlord  
  13  0:17  Drone  
  14  0:30  Drone  
  14  0:31  Drone  
  14  0:34  Drone  
  17  0:54  Hatchery  
  16  0:57  Drone  
  16  1:02  Drone  
  18  1:15  Spawning Pool  
  17  1:18  Drone  
  17  1:22  Drone  
  19  1:28  Drone  
  20  1:33  Extractor  
  20  1:39  Drone  
  20  1:51  Drone  
  21  2:03  Drone  
  21  2:07  Queen x2  
  26  2:09  Drone  
  26  2:11  Drone  
  28  2:19  Overlord  
  28  2:40  Drone x3  
  28  2:41  Drone  
  32  2:44  Overlord  
  32  2:48  Hatchery  
  31  2:58  Lair  
  31  3:00  Queen  
  31  3:05  Drone x2  
  35  3:09  Drone  
  35  3:11  Drone  
  37  3:29  Baneling Nest  
  37  3:30  Drone  
  37  3:31  Drone x3  
  37  3:32  Drone x3  
  37  3:33  Drone  
  44  3:35  Overlord  
  46  4:03  Evolution Chamber  
  51  4:16  Extractor  
Show
View Real Time Build Order
Export as new Build Order

A.I. 1 (Very Easy) Protoss - Winner!

Build Orders: 1 Gate Expand, Nexus First 

Get SALT Encoding   

  12  0:00  Probe  
  13  0:13  Probe  
  14  0:20  Pylon  
  14  0:42  Gateway  
  14  1:01  Nexus  
  14  1:21  Pylon  
  14  1:23  Zealot  
  14  1:26  Assimilator  
  17  1:40  Probe, Cybernetics Core  
  17  1:52  Probe  
  18  2:01  Probe  
  18  2:02  Assimilator  
  19  2:09  Probe  
  19  2:10  Stalker  
  20  2:19  Probe  
  20  2:21  Warp Gate  
  23  2:26  Probe  
  24  2:33  Probe  
  25  2:40  Probe  
  26  2:53  Probe  
  26  2:56  Assimilator  
  26  2:58  Pylon  
  27  3:00  Probe  
  27  3:04  Probe  
  29  3:14  Probe  
  29  3:17  Probe  
  30  3:20  Robotics Facility  
  31  3:29  Zealot  
  31  3:32  Probe  
  34  3:39  Probe  
  35  3:46  Probe  
  36  3:53  Probe  
  37  4:00  Probe  
Tags
 
Add a new tag
Caveats
  • Supply blocks, unpowered buildings, or Contaminate may cause inaccurate times.
  • Supply counts are checked every 10 seconds.